 Dungeon Crawl Stone Soup version 0.31-a0-4-gefa6de2278 (webtiles) character file.

Game seed: 14637455820771770471

696 snarfax the Cudgeller (level 7, -1/66 HPs)
             Began as a Troll Fighter on May 3, 2023.
             Slain by Dowan
             ... wielding a +0 dagger
              (6 damage)
             ... on level 4 of the Dungeon.
             The game lasted 00:08:48 (3148 turns).

snarfax the Cudgeller (Troll Fighter)               Turns: 3148, Time: 00:08:49

Health: -1/66      AC:  5    Str: 25    XL:     7   Next: 37%
Magic:  6/6        EV:  8    Int:  6    God:
Gold:   260        SH:  8    Dex:  9    Spells: 6/6 levels left

rFire   . . .        a - +0 flail
rCold   . . .        c - +1 kite shield
rNeg    . . .        b - +0 robe
rPois   .            (helmet restricted)
rElec   .            j - +0 cloak
rCorr   .            (gloves unavailable)
SInv    .            (boots unavailable)
Will    .....        (no amulet)
Stlth   +            (no ring)
HPRegen 1.11/turn    (no ring)
MPRegen 0.10/turn

%: no passive effects
@: no status effects
A: large, unfitting armour, claws 3, regeneration 1, shaggy fur 1, tough skin 1
a: no special abilities


You were on level 4 of the Dungeon.
You visited 1 branch of the dungeon, and saw 4 of its levels.
You also visited: Sewer.

You collected 260 gold pieces.

Inventory:

Hand Weapons
 a - a +0 flail (weapon)
Missiles
 f - 48 stones
 k - 21 poisoned darts (quivered)
Armour
 b - a +0 robe (worn)
 c - a +1 kite shield (worn)
 j - a +0 cloak (worn)
 s - a +0 helmet
Jewellery
 m - a ring of ice
 q - a ring of wizardry
 r - a ring of ice
Scrolls
 e - 2 scrolls of noise
 o - a scroll of brand weapon {unknown}
 t - a scroll of butterflies {unknown}
Potions
 d - a potion of haste {unknown}
 g - 2 potions of curing {unknown}
 h - a potion of brilliance {unknown}
 l - a potion of attraction {unknown}
 n - a potion of invisibility {unknown}
 p - a potion of magic {unknown}
 u - a potion of flight {unknown}


   Skills:
 - Level 2.4 Fighting
 + Level 7.7 Maces & Flails
 - Level 2.4 Dodging
 - Level 2.6 Shields


You had 6 spell levels left.
You didn't know any spells.
Your spell library contained the following spells:

 Spells                   Type           Power      Damage    Failure   Level
 Freeze                   Ice            0%         1d3       71%         1
 Cigotuvi's Dreadful Rot  Necr/Pois/Air  0%         N/A       85%         2
 Ensorcelled Hibernation  Hex/Ice        0%         N/A       85%         2
 Passwall                 Tmut/Erth      0%         N/A       85%         2
 Scorch                   Fire           0%         2d5       85%         2
 Frozen Ramparts          Ice            0%         1d1       97%         3
 Hailstorm                Conj/Ice       0%         3d3       97%         3
 Ignite Poison            Fire/Tmut/Pois 0%         N/A       97%         3
 Swiftness                Air            0%         N/A       97%         3
 Flame Wave               Conj/Fire      0%         2d4       100%        4
 Freezing Cloud           Conj/Ice/Air   0%         6-21      100%        5
 Summon Cactus Giant      Summ           0%         N/A       100%        6


Dungeon Overview and Level Annotations

Branches:
Dungeon (4/15)              Sewer (visited)
 Temple: D:4-7

Altars:
Xom
Yredelemnul

Annotations:
D:4 Dowan


Innate Abilities, Weirdness & Mutations

You are too large for most types of armour.
You have claws for hands.
Your natural rate of healing is unusually fast.
You are covered in fur. (AC +1)
You have tough skin. (AC +1)


Message History

You block Dowan's attack.
You thump Duvessa!
You kill Duvessa!
Dowan seems overcome with grief.
Dowan seems to find hidden reserves of power!
Dowan hits you with a +0 dagger.
You closely miss Dowan. You block Dowan's attack.
Dowan hits you but does no damage. The iguana bites you!
* * * LOW HITPOINT WARNING * * *
You hit Dowan.
Dowan is lightly wounded.
Dowan says, "How can I live without her?"
You block Dowan's attack. The iguana closely misses you.
You block Dowan's attack.
You barely miss Dowan.
Dowan is lightly wounded.
Dowan barely misses you. The iguana bites you.
* * * LOW HITPOINT WARNING * * *
Dowan casts a spell.
Dowan blinks!
Things that are here:
a +0 whip; a +0 scale mail You thump the iguana!
The iguana is severely wounded.
You are no longer glowing.
You block the iguana's attack.
You hit the iguana.
The iguana is almost dead.
You block the iguana's attack.
The iguana bites you but does no damage.
You barely miss the iguana.
The iguana is almost dead.
Dowan hits you with a +0 dagger.
* * * LOW HITPOINT WARNING * * *
The iguana bites you!
* * * LOW HITPOINT WARNING * * *
You hit the iguana.
You kill the iguana!
Dowan hits you but does no damage. Dowan hits you with a +0 dagger.
You die...

##.....#......##....#
#...
##..................##
###.
#...............###...
#. #...............#
#### #.
#...............#
#.###
#...............#
#....
#...............#
#####
#..............)#
##........@e.>..# #..
##.....#.....#.# ..#
#########)#.....
....... #...... ......
.?.... #..### #.#


You could see Dowan (fast).

Vanquished Creatures
  Menkaure (D:4)
  Duvessa (D:4)
  3 kobold brigands (Sewer)
  2 scorpions (D:4)
  2 iguanas (D:4)
  2 adders (Sewer)
  2 river rats (Sewer)
  2 worms
  A dart slug (D:2)
  6 orcs
  5 endoplasms
  4 giant cockroaches
  9 goblins
  4 hobgoblins
  2 jackals (Sewer)
  8 quokkas
  10 ball pythons
  8 bats
  6 frilled lizards
  7 kobolds
  8 rats
93 creatures vanquished.

Vanquished Creatures (others)
  4 plants (Sewer)
4 creatures vanquished.

Grand Total: 97 creatures vanquished

Notes
Turn   | Place    | Note
-------+----------+-------------------------------------------
     0 | D:1      | snarfax the Troll Fighter began the quest for the Orb.
     0 | D:1      | Reached XP level 1. HP: 22/22 MP: 0/0
   284 | D:1      | Reached skill level 2 in Maces & Flails
   332 | D:1      | Found a faded altar of an unknown god.
   439 | D:1      | Reached XP level 2. HP: 29/29 MP: 1/1
   742 | D:2      | Reached skill level 3 in Maces & Flails
   863 | D:2      | Reached XP level 3. HP: 36/36 MP: 2/2
  1411 | D:3      | Found a glowing drain.
  1434 | Sewer    | Entered a sewer
  1438 | Sewer    | Noticed a kobold brigand
  1476 | Sewer    | Killed a kobold brigand
  1477 | Sewer    | Reached skill level 4 in Maces & Flails
  1477 | Sewer    | Reached XP level 4. HP: 23/44 MP: 3/3
  1536 | Sewer    | Reached XP level 5. HP: 14/50 MP: 4/4
  1659 | Sewer    | Reached skill level 5 in Maces & Flails
  1707 | Sewer    | Reached XP level 6. HP: 59/59 MP: 5/5
  1855 | Sewer    | Reached skill level 6 in Maces & Flails
  2153 | D:3      | Found a basalt altar of Yredelemnul.
  2281 | D:3      | Found a shimmering altar of Xom.
  2892 | D:4      | Noticed Menkaure
  2920 | D:4      | Killed Menkaure
  2921 | D:4      | Reached skill level 7 in Maces & Flails
  2921 | D:4      | Reached XP level 7. HP: 32/66 MP: 6/6
  3116 | D:4      | Noticed Dowan
  3117 | D:4      | Noticed Duvessa
  3140 | D:4      | Killed Duvessa
  3148 | D:4      | Slain by Dowan

Illustrated notes

Levels and vault maps discovered:
D:1:      nicolae_arrival_somewhat_less_tricky_arrival, layout_loops_ring,
          basic_ecumenical_altar, serial_glass, glass_columns_c,
          glass_columns_a, glass_columns_b, glass_columns_b, glass_columns_a,
          glass_columns_b, glass_columns_c, glass_columns_b, glass_columns_c,
          glass_columns_a, glass_columns_a, glass_columns_a, glass_columns_b,
          glass_columns_b, minmay_pentomino_r4
D:2:      layout_loops_ring
D:3:      layout_basic, nicolae_overflow_crystal_walls,
          yredelemnul_altar_generic, gup_sewer_entry_glass,
          minmay_fractal_squares_diagonal_5
D:4:      layout_rooms, uniq_duvessa, uniq_menkaure

Skill      XL: |  1  2  3  4  5  6 |
---------------+-------------------+-----
Maces & Flails | 2 3 4 5 7 |  7.7
Fighting       | |  2.4
Dodging        | |  2.4
Shields        | |  2.6

Action                     |  1- 3 |  4- 6 |  7- 9 || total
---------------------------+-------+-------+-------++-------
  Melee: Flail             |   157 |   192 |    33 ||   382
  Throw: Stone             |       |     5 |       ||     5
         Dart              |       |     4 |       ||     4
    Use: Scroll            |     5 |     3 |       ||     8
         Potion            |       |     4 |     1 ||     5
   Stab: Sleeping          |       |     1 |       ||     1
 Armour: Robe              |    61 |    72 |     9 ||   142
  Dodge: Dodged            |    58 |    86 |    10 ||   154
  Block: Kite shield       |    82 |    89 |    16 ||   187

Table legend: (Time is in decaauts)
 A = Elapsed time spent in this place.
 B = Non-inter-level travel time spent in this place.
 C = Inter-level travel time spent in this place.
 D = Time resting spent in this place.
 E = Time spent auto-exploring this place.
 F = Levels seen in this place.
 G = Mean time per level.
                   A        B        C        D        E       F      G
               +--------+--------+--------+--------+--------+-----+--------+
         Total |   3257 |   3196 |     61 |      8 |   2309 |   5 |  651.4 |
       Dungeon |   2739 |   2678 |     61 |      8 |   2009 |   4 |  684.8 |
         Sewer |    517 |    517 |      0 |      0 |    300 |   1 |  517.0 |
               +--------+--------+--------+--------+--------+-----+--------+

Top non-repeatable levels by time:
     D:3: 964 daAuts
     D:1: 743 daAuts
     D:2: 630 daAuts
   Sewer: 517 daAuts
     D:4: 402 daAuts
